UAA
DURHAM RAPIERS @ SANTA BARBARA STREAK
08/09/2017
 
TOP OF THE 1ST
Durham Rapiers batting - Pitching for Santa Barbara Streak : RHP Il-gyung Kim
Pitching: RHP Il-gyung Kim
Batting: RHB Kevin Sanderson 0-0: Foul Ball, location: 2F
0-1: Ball
1-1: Swinging Strike
1-2: Foul Ball, location: 2F
1-2: Ball
2-2: Strikes out swinging
Batting: RHB Caleb Lee 0-0: Called Strike
0-1: Ball
1-1: Ball
2-1: SINGLE (Flyball, 89S)
Batting: RHB Bart Lewis 0-0: Ball
1-0: Swinging Strike
1-1: Foul Ball, location: 2F
1-2: Ball
2-2: DOUBLE (Groundball, 5L)
Caleb Lee to third
Batting: LHB Pat McJannett 0-0: Swinging Strike
0-1: SINGLE (Line Drive, 78S)
Caleb Lee scores
Bart Lewis to third
Batting: SHB Vernon Thomas 0-0: Ball
1-0: Called Strike
1-1: Ball
2-1: Ground out U3 (Groundball, 3S)
Bart Lewis scores
Pat McJannett to second
Batting: SHB Roger Wheeler 0-0: Ball
1-0: Ball
2-0: Ball
3-0: Called Strike
3-1: Called Strike
3-2: Ground out U3 (Groundball, 3S)
Top of the 1st over - 2 run(s), 3 hit(s), 0 error(s), 1 left on base; Durham 2 - Santa Barbara 0
BOTTOM OF THE 1ST
Santa Barbara Streak batting - Pitching for Durham Rapiers : RHP Sam MacKerras
Pitching: RHP Sam MacKerras
Batting: SHB Terry Conley 0-0: Called Strike
0-1: Ball
1-1: Called Strike
1-2: Fly out, F5 (Popup, 5F)
Batting: RHB Alberto Ortíz 0-0: Swinging Strike
0-1: Foul Ball, location: 2F
0-2: Foul Ball, location: 2F
0-2: Foul Ball, location: 2F
0-2: Hit by Pitch
Batting: RHB Jason Shaffer 0-0: Called Strike
0-1: Swinging Strike
0-2: Ball
1-2: Ball
2-2: Ball
3-2: Foul Ball, location: 2F
3-2: SINGLE (Line Drive, 9S)
Alberto Ortíz to second
Batting: RHB Greg Hart 0-0: Fly out, F9 (Flyball, 9LMF)
Batting: RHB Michael Hicks 0-0: Called Strike
0-1: Called Strike
0-2: Ball
1-2: Strikes out swinging
Bottom of the 1st over - 0 run(s), 1 hit(s), 0 error(s), 2 left on base; Durham 2 - Santa Barbara 0
TOP OF THE 2ND
Durham Rapiers batting - Pitching for Santa Barbara Streak : RHP Il-gyung Kim
Batting: RHB Robby Thomas 0-0: Fly out, F8 (Line Drive, 8LD)
Batting: LHB Scott Martin 0-0: Ball
1-0: Ball
2-0: Foul Ball, location: 2F
2-1: Swinging Strike
2-2: Foul Ball, location: 2F
2-2: Ball
3-2: Base on Balls
Batting: LHB Gonzalo Féliz 0-0: Called Strike
0-1: Foul Ball, location: 2F
0-2: Ball
1-2: Ball
2-2: Foul Ball, location: 2F
2-2: Ball
3-2: Ground out U3 (Groundball, 3S)
Scott Martin to second
Batting: RHB Kevin Sanderson 0-0: Called Strike
0-1: Foul Ball, location: 2F
0-2: Ball
1-2: Foul Ball, location: 2F
1-2: Foul Ball, location: 2F
1-2: Strikes out swinging
Top of the 2nd over - 0 run(s), 0 hit(s), 0 error(s), 1 left on base; Durham 2 - Santa Barbara 0
BOTTOM OF THE 2ND
Santa Barbara Streak batting - Pitching for Durham Rapiers : RHP Sam MacKerras
Batting: RHB Wayne Cameron 0-0: Ball
1-0: Ball
2-0: Ball
3-0: Called Strike
3-1: Swinging Strike
3-2: Foul Ball, location: 2F
3-2: Strikes out swinging
Batting: SHB Michael Coleman 0-0: Ball
1-0: Called Strike
1-1: Ball
2-1: Swinging Strike
2-2: Fly out, F8 (Flyball, 8LM)
Batting: RHB Gil Lowe 0-0: Ball
1-0: Called Strike
1-1: Ball
2-1: Ball
3-1: Ground out 4-3 (Groundball, 13)
Bottom of the 2nd over - 0 run(s), 0 hit(s), 0 error(s), 0 left on base; Durham 2 - Santa Barbara 0
TOP OF THE 3RD
Durham Rapiers batting - Pitching for Santa Barbara Streak : RHP Il-gyung Kim
Batting: RHB Caleb Lee 0-0: Called Strike
0-1: Foul Ball, location: 2F
0-2: Ball
1-2: Foul Ball, location: 2F
1-2: Strikes out looking
Batting: RHB Bart Lewis 0-0: Ball
1-0: Swinging Strike
1-1: Ball
2-1: Foul Ball, location: 2F
2-2: Strikes out swinging
Batting: LHB Pat McJannett 0-0: SINGLE (Groundball, 56D)
Batting: SHB Vernon Thomas 0-0: Ball
1-0: Ground out U3 (Groundball, 3S)
Top of the 3rd over - 0 run(s), 1 hit(s), 0 error(s), 1 left on base; Durham 2 - Santa Barbara 0
BOTTOM OF THE 3RD
Santa Barbara Streak batting - Pitching for Durham Rapiers : RHP Sam MacKerras
Batting: SHB Charles Harris 0-0: Ball
1-0: SINGLE (Line Drive, 6MD)
Batting: SHB Terry Conley 0-0: Swinging Strike
0-1: Ball
1-1: Ball
2-1: Called Strike
2-2: Foul Ball, location: 2F
2-2: Ball
3-2: Foul Ball, location: 2F
3-2: Base on Balls
Charles Harris to second
Batting: RHB Alberto Ortíz 0-0: Ball
1-0: Ball
2-0: Fly out, F3 (Line Drive, 34)
Batting: RHB Jason Shaffer 0-0: Ball
1-0: Called Strike
1-1: Ball
2-1: Foul Ball, location: 2F
2-2: Ball
3-2: Base on Balls
Charles Harris to third
Terry Conley to second
Batting: RHB Greg Hart 0-0: Called Strike
0-1: Ball
1-1: Ball
2-1: Fly out, F7 (Flyball, 7LD)
Runner from 3rd tags up, SCORES, no throw
Batting: RHB Michael Hicks 0-0: Called Strike
0-1: Ground out 6-3 (Groundball, 6)
Bottom of the 3rd over - 1 run(s), 1 hit(s), 0 error(s), 2 left on base; Durham 2 - Santa Barbara 1
TOP OF THE 4TH
Durham Rapiers batting - Pitching for Santa Barbara Streak : RHP Il-gyung Kim
Batting: SHB Roger Wheeler 0-0: Ball
1-0: Ball
2-0: Ball
3-0: Called Strike
3-1: Swinging Strike
3-2: Base on Balls
Batting: RHB Robby Thomas 0-0: Called Strike
0-1: Called Strike
0-2: Ball
1-2: Strikes out swinging
Batting: LHB Scott Martin 0-0: Fielders Choice at 2nd, 4-6 (Groundball, 4)
Batting: LHB Gonzalo Féliz 0-0: Ball
1-0: Foul Ball, location: 2F
1-1: SINGLE (Groundball, 4MD)
Scott Martin to second
Runner from 2nd tries for 3rd, SAFE, throw made to third
Batting: RHB Kevin Sanderson 0-0: Foul Ball, location: 2F
0-1: Swinging Strike
0-2: Fly out, F8 (Flyball, 8LS)
Top of the 4th over - 0 run(s), 1 hit(s), 0 error(s), 2 left on base; Durham 2 - Santa Barbara 1
BOTTOM OF THE 4TH
Santa Barbara Streak batting - Pitching for Durham Rapiers : RHP Sam MacKerras
Batting: RHB Wayne Cameron 0-0: SINGLE (Line Drive, 9S)
Batting: SHB Michael Coleman 0-0: Swinging Strike
0-1: SINGLE (Line Drive, 6M)
Wayne Cameron to second
Batting: RHB Gil Lowe 0-0: Called Strike
0-1: Fly out, F4 (Line Drive, 4)
Batting: SHB Charles Harris 0-0: Swinging Strike
0-1: Called Strike
0-2: Strikes out swinging
Batting: SHB Terry Conley 0-0: Ball
1-0: Ball
2-0: SINGLE (Line Drive, 3D)
Wayne Cameron to third
Michael Coleman to second
Runner from 3rd tries for Home, SAFE, no throw or cutoff
Batting: RHB Alberto Ortíz 0-0: Ball
1-0: Ball
2-0: Ball
Wild Pitch!
Michael Coleman to third
Terry Conley to second
3-0: Foul Ball, location: 2F
3-1: Called Strike
3-2: Base on Balls
Batting: RHB Jason Shaffer 0-0: Called Strike
0-1: Swinging Strike
0-2: Ball
1-2: Fly out, F9 (Flyball, 9D)
Bottom of the 4th over - 1 run(s), 3 hit(s), 0 error(s), 3 left on base; Durham 2 - Santa Barbara 2
TOP OF THE 5TH
Durham Rapiers batting - Pitching for Santa Barbara Streak : RHP Il-gyung Kim
Batting: RHB Caleb Lee 0-0: Ground out 6-3 (Groundball, 6)
Batting: RHB Bart Lewis 0-0: Ball
1-0: Ground out 5-3 (Groundball, 5S)
Batting: LHB Pat McJannett 0-0: Ball
1-0: Called Strike
1-1: Called Strike
1-2: Ball
2-2: Foul Ball, location: 2F
2-2: Strikes out looking
Top of the 5th over - 0 run(s), 0 hit(s), 0 error(s), 0 left on base; Durham 2 - Santa Barbara 2
BOTTOM OF THE 5TH
Santa Barbara Streak batting - Pitching for Durham Rapiers : RHP Sam MacKerras
Batting: RHB Greg Hart 0-0: SINGLE (Flyball, 9LM)
Batting: RHB Michael Hicks 0-0: Ball
1-0: Called Strike
1-1: Ball
2-1: Ball
3-1: Base on Balls
Greg Hart to second
Batting: RHB Wayne Cameron 0-0: Called Strike
0-1: Foul Ball, location: 2F
0-2: Ball
1-2: Fly out, F3 (Popup, 3SF)
Batting: SHB Michael Coleman 0-0: Ball
1-0: Foul Ball, location: 2F
1-1: Ball
2-1: Ball
3-1: Grounds into double play, 6-4-3 (Groundball, 6M)
Bottom of the 5th over - 0 run(s), 1 hit(s), 0 error(s), 1 left on base; Durham 2 - Santa Barbara 2
TOP OF THE 6TH
Durham Rapiers batting - Pitching for Santa Barbara Streak : RHP Il-gyung Kim
Batting: SHB Vernon Thomas 0-0: Foul Ball, location: 2F
0-1: Ball
1-1: Ball
2-1: Called Strike
2-2: Foul Ball, location: 2F
2-2: Foul Ball, location: 2F
2-2: Foul Ball, location: 2F
2-2: Ball
3-2: Base on Balls
Batting: SHB Roger Wheeler 0-0: Called Strike
Vernon Thomas steals 2nd base
0-1: Ball
1-1: Ball
2-1: Ball
3-1: Base on Balls
Batting: RHB Robby Thomas 0-0: Foul Ball, location: 2F
0-1: Ball
1-1: Called Strike
1-2: Foul Ball, location: 2F
1-2: Strikes out swinging
Pitching: LHP Rafael Colón
Batting: LHB Scott Martin 0-0: Called Strike
0-1: Swinging Strike
0-2: Strikes out looking
Batting: LHB Gonzalo Féliz 0-0: Ball
1-0: Swinging Strike
1-1: Called Strike
1-2: Strikes out swinging
Top of the 6th over - 0 run(s), 0 hit(s), 0 error(s), 2 left on base; Durham 2 - Santa Barbara 2
BOTTOM OF THE 6TH
Santa Barbara Streak batting - Pitching for Durham Rapiers : RHP Sam MacKerras
Batting: RHB Gil Lowe 0-0: Ball
1-0: Bunt missed!
1-1: Ball
2-1: Foul Ball, location: 2F
2-2: Ball
3-2: Base on Balls
Pitching: RHP Timothy Jackson
Batting: SHB Charles Harris 0-0: Ball
1-0: Bunted foul
1-1: Ball
2-1: Sac Bunt - play at first, batter OUT! 2-4
Gil Lowe to second
Batting: SHB Terry Conley 0-0: Ball
1-0: Called Strike
1-1: Ball
2-1: Swinging Strike
2-2: Fly out, F8 (Line Drive, 8RM)
Batting: RHB Alberto Ortíz 0-0: Ball
1-0: Ball
2-0: Ground out 6-3 (Groundball, 6)
Bottom of the 6th over - 0 run(s), 0 hit(s), 0 error(s), 1 left on base; Durham 2 - Santa Barbara 2
TOP OF THE 7TH
Durham Rapiers batting - Pitching for Santa Barbara Streak : LHP Rafael Colón
Pinch Hitting: RHB Tim Love 0-0: Called Strike
0-1: Ball
1-1: Swinging Strike
1-2: Foul Ball, location: 2F
1-2: Foul Ball, location: 2F
1-2: Foul Ball, location: 2F
1-2: Ball
2-2: Strikes out swinging
Batting: RHB Caleb Lee 0-0: Ball
1-0: Ball
2-0: Called Strike
2-1: Ground out 4-3 (Groundball, 4)
Batting: RHB Bart Lewis 0-0: Called Strike
0-1: Ball
1-1: Fly out, F8 (Flyball, 8LD)
Top of the 7th over - 0 run(s), 0 hit(s), 0 error(s), 0 left on base; Durham 2 - Santa Barbara 2
BOTTOM OF THE 7TH
Santa Barbara Streak batting - Pitching for Durham Rapiers : RHP Timothy Jackson
Now in LF: Steve Patrick
Batting: RHB Jason Shaffer 0-0: Ball
1-0: Swinging Strike
1-1: Ball
2-1: Swinging Strike
2-2: Ground out 6-3 (Groundball, 6)
Batting: RHB Greg Hart 0-0: Ball
1-0: Foul Ball, location: 2F
1-1: Ball
2-1: Fly out, F9 (Flyball, 9S)
Pinch Hitting: RHB Wilson Ríos 0-0: Ball
1-0: Fly out, F9 (Flyball, 89M)
Bottom of the 7th over - 0 run(s), 0 hit(s), 0 error(s), 0 left on base; Durham 2 - Santa Barbara 2
TOP OF THE 8TH
Durham Rapiers batting - Pitching for Santa Barbara Streak : LHP Rafael Colón
Now in RF: Wilson Ríos
Pinch Hitting: RHB Julián Guzmán 0-0: Ball
1-0: Ball
2-0: Swinging Strike
2-1: Ball
3-1: SINGLE (Line Drive, 78S)
Pinch Hitting: RHB Dewitt Mercer 0-0: Ball
1-0: Called Strike
1-1: Ball
2-1: Ball
3-1: Base on Balls
Julián Guzmán to second
Batting: SHB Roger Wheeler 0-0: Ball
1-0: Foul Ball, location: 2F
1-1: Ball
2-1: Bunted foul
2-2: Ball
3-2: Base on Balls
Julián Guzmán to third
Dewitt Mercer to second
Batting: RHB Robby Thomas 0-0: Ball
1-0: Ball
2-0: Foul Ball, location: 2F
2-1: Ball
3-1: Called Strike
3-2: Foul Ball, location: 2F
3-2: Base on Balls
Julián Guzmán scores
Dewitt Mercer to third
Roger Wheeler to second
Pinch Hitting: RHB Allen George 0-0: Ball
1-0: Ball
2-0: Foul Ball, location: 2F
2-1: SINGLE (Groundball, 56) (infield hit)
Dewitt Mercer scores
Roger Wheeler to third
Robby Thomas to second
Pitching: LHP Cliff Messer
Batting: LHB Gonzalo Féliz 0-0: Foul Ball, location: 2F
0-1: Swinging Strike
0-2: Strikes out swinging
Batting: RHB Steve Patrick 0-0: Ball
1-0: Ball
2-0: Called Strike
2-1: Foul Ball, location: 2F
2-2: Strikes out looking
Batting: RHB Caleb Lee 0-0: Ball
1-0: Called Strike
1-1: Ball
2-1: Ball
3-1: Called Strike
3-2: Ground out 6-3 (Groundball, 6)
Top of the 8th over - 2 run(s), 2 hit(s), 0 error(s), 3 left on base; Durham 4 - Santa Barbara 2
BOTTOM OF THE 8TH
Santa Barbara Streak batting - Pitching for Durham Rapiers : RHP Timothy Jackson
Pitching: LHP Ron Anderson
Now at C: Ray Whittier
Now at 1B: Dewitt Mercer
Now at 3B: Allen George
Now in CF: Evan Nelson
Batting: RHB Wayne Cameron 0-0: Called Strike
0-1: Ball
1-1: Swinging Strike
1-2: Foul Ball, location: 2F
1-2: Foul Ball, location: 2F
1-2: Ball
2-2: Foul Ball, location: 2F
2-2: SINGLE (Flyball, 89S)
Pitching: RHP Morgan MacDonald
Batting: SHB Michael Coleman 0-0: Ball
1-0: Ball
2-0: Ball
3-0: Called Strike
3-1: Fly out, F4 (Line Drive, 4M)
Batting: RHB Gil Lowe 0-0: Ball
1-0: Ball
2-0: Called Strike
2-1: Foul Ball, location: 2F
2-2: Ball
3-2: Ground out 5-3 (Groundball, 5L)
Wayne Cameron to second
Pitching: LHP Doug Ferguson
Batting: SHB Charles Harris 0-0: Called Strike
0-1: Swinging Strike
0-2: Ball
1-2: Ground out 6-3 (Groundball, 6M)
Bottom of the 8th over - 0 run(s), 1 hit(s), 0 error(s), 1 left on base; Durham 4 - Santa Barbara 2
TOP OF THE 9TH
Durham Rapiers batting - Pitching for Santa Barbara Streak : LHP Cliff Messer
Batting: RHB Bart Lewis 0-0: Ball
1-0: Swinging Strike
1-1: Ball
2-1: Ball
3-1: Base on Balls
Batting: LHB Evan Nelson 0-0: Called Strike
0-1: Ball
1-1: Swinging Strike
1-2: Ball
2-2: Foul Ball, location: 2F
2-2: Foul Ball, location: 2F
2-2: Fielders Choice at 2nd, 6-4 (Groundball, 6)
Batting: RHB Dewitt Mercer 0-0: Ball
1-0: Grounds into double play, 4-6-3 (Groundball, 34)
Top of the 9th over - 0 run(s), 0 hit(s), 0 error(s), 0 left on base; Durham 4 - Santa Barbara 2
BOTTOM OF THE 9TH
Santa Barbara Streak batting - Pitching for Durham Rapiers : LHP Doug Ferguson
Pitching: RHP Eduardo Bravo
Batting: SHB Terry Conley 0-0: Ball
1-0: Ball
2-0: Ball
3-0: Called Strike
3-1: Base on Balls
Pinch Hitting: LHB Mark Singer 0-0: Grounds into double play, 4-6-3 (Groundball, 4)
Batting: RHB Jason Shaffer 0-0: Ground out 5-3 (Groundball, 6)
Bottom of the 9th over - 0 run(s), 0 hit(s), 0 error(s), 0 left on base; Durham 4 - Santa Barbara 2
This league is powered by Out of the Park Baseball, the baseball management simulation game for PC, Mac and Linux
Saturday, February 27th, 2021 - OOTP Baseball 15.6 Build 34